 Dungeon Crawl Stone Soup version 0.18.1-48-g4cf74bf (webtiles) character file.

172 Heedrag the Conjurer (level 5, 0/28 HPs)
             Began as a Deep Elf Conjurer on July 31, 2016.
             Slain by a worker ant (2 damage)
             ... on level 4 of the Dungeon.
             The game lasted 00:06:07 (2694 turns).

Heedrag the Conjurer (Deep Elf Conjurer)            Turns: 2694, Time: 00:06:08

Health: 0/28       AC:  2    Str:  6    XL:     5   Next: 27%
Magic:  3/13       EV: 13    Int: 20    God:
Gold:   129        SH:  0    Dex: 15    Spells: 4 memorised, 0 levels left

rFire  . . .     SeeInvis .     q - +0 dagger
rCold  . . .     Gourm    .     a - +0 robe
rNeg   . . .     Faith    .     (no shield)
rPois  .         Spirit   .     (no helmet)
rElec  .         Dismiss  .     (no cloak)
rCorr  .         Reflect  .     (no gloves)
SustAt .         Harm     .     (no boots)
MR     .....                    s - amulet of regeneration
Stlth  ++........               (no ring)
                                (no ring)

@: not resistant to hostile enchantments, unstealthy
A: no striking features
a: no special abilities


You were on level 4 of the Dungeon.
You were not hungry.

You visited 1 branch of the dungeon, and saw 4 of its levels.

You collected 129 gold pieces.

Inventory:

Hand Weapons
 q - a +0 dagger (weapon)
Armour
 a - a +0 robe (worn)
Jewellery
 g - an uncursed ring of ice
 s - an amulet of regeneration (around neck)
Wands
 r - a wand of enslavement (7/24)
Scrolls
 h - 2 scrolls of teleportation {unknown}
 j - a scroll of noise {unknown}
 k - 3 scrolls of remove curse {unknown}
 m - 3 scrolls of enchant armour {unknown}
 o - a scroll of identify {unknown}
Potions
 d - a potion of flight {unknown}
 e - a potion of cure mutation {unknown}
 f - 2 potions of mutation {unknown}
 i - a potion of might {unknown}
 n - a potion of agility {unknown}
 p - a potion of ambrosia {unknown}
 u - a potion of magic {unknown}
 v - 2 potions of curing {unknown}
 w - a potion of haste {unknown}
Books
 b - a book of Conjurations

   Spells                             Type                      Level
   a - Magic Dart                     Conjuration                  1
   b - Searing Ray                    Conjuration                  2
   c - Dazzling Spray                 Conjuration/Hexes            3
   d - Fulminant Prism                Conjuration/Hexes            4
   e - Iskenderun's Mystic Blast      Conjuration                  4
   f - Iskenderun's Battlesphere      Conjuration/Charms           5
Comestibles
 c - 2 bread rations
 l - a slice of pizza
 t - a meat ration


   Skills:
 - Level 2.4 Dodging
 - Level 2.4 Stealth
 + Level 4.6 Spellcasting
 * Level 6.5 Conjurations
 + Level 0.8 Charms


You couldn't memorise any spells.
You knew the following spells:

 Your Spells              Type           Power        Failure   Level  Hunger
a - Magic Dart            Conj           ####         1%          1    None
b - Dazzling Spray        Conj/Hex       ###...       12%         3    ##.....
c - Iskenderun's Mystic   Conj           ####....     10%         4    ####...
d - Iskenderun's Battles  Conj/Chrm      ###.....     82%         5    ######.


Dungeon Overview and Level Annotations

Branches:
Dungeon (4/15)
 Temple: D:4-7

Altars:


Message History

Okay, than.
Tha worker ant twitches its antennae in yer direction.
Tha orc hits ye wit' a dagger.
Tha worker ant waves its antennae.
Tha howler monkey howls!
Tha orc hits ye wit' a dagger.
* * * LOW HITPOINT WARNIN'
* * * Tha worker ant waves its antennae.
Tha howler monkey hoots an' howls wit' incredible vigour!
Castin': Magic Dart Confirm wit' . or Enter, or press ? or * ta list all spells.
Aimin': Dazzlin' Spray
Press: ? - help, Shift-Dir - straight line, f - worker ant
Aim: a worker ant Tha spray o' energy hits tha worker ant.
Tha worker ant be moderately wounded.
Tha worker ant be dazzled.
Tha worker ant bites ye!
* * * LOW HITPOINT WARNIN'
* * * Tha worker ant bites ye.
Ye die...

≈≈≈≈≈≈≈≈≈≈≈≈≈≈≈≈≈#####
≈≈≈≈≈≈≈≈≈≈≈≈≈≈≈≈≈≈≈≈≈≈
≈≈≈≈≈≈≈≈≈≈≈≈≈≈≈≈≈≈≈≈≈≈
≈≈≈.≈≈≈..≈.≈.≈≈.≈.≈≈≈≈
......................
....................
...........####..#.###
.......<.h..oa@.......
...........###########
$#..######## ##


You could see a howler monkey, a worker ant (blind) and an orc.

Vanquished Creatures
  A hound zombie (D:3)
  5 adders
  2 worms (D:3)
  4 dart slugs (D:2)
  2 giant geckos
  6 orcs (D:3)
  13 bats
  4 giant cockroaches
  5 goblins
  9 hobgoblins
  13 jackals
  9 kobolds
  3 quokkas
  2 ball pythons (D:1)
  3 giant newts
  6 rats
87 creatures vanquished.

Notes
Turn   | Place    | Note
--------------------------------------------------------------
     0 | D:1      | Heedrag the Deep Elf Conjurer began the quest for the Orb.
     0 | D:1      | Reached XP level 1. HP: 10/10 MP: 6/6
   121 | D:1      | Reached XP level 2. HP: 15/15 MP: 2/8
   337 | D:1      | Reached skill level 5 in Conjurations
   633 | D:1      | Reached XP level 3. HP: 19/19 MP: 2/10
   638 | D:1      | Learned a level 3 spell: Dazzling Spray
  1170 | D:2      | Reached XP level 4. HP: 23/24 MP: 10/12
  1642 | D:2      | Reached skill level 6 in Conjurations
  1827 | D:3      | Learned a level 4 spell: Iskenderun's Mystic Blast
  2165 | D:3      | Reached XP level 5. HP: 28/28 MP: 5/13
  2473 | D:3      | Learned a level 5 spell: Iskenderun's Battlesphere
  2694 | D:4      | Slain by a worker ant

Skill      XL: |  1  2  3  4 |
---------------+-------------+-----
Conjurations   | 5 6 |  6.5
Spellcasting   | 4 |  4.6
Dodging        | |  2.4
Stealth        | |  2.4
Charms         | |  0.8

Action                   |  1- 3 |  4- 6 || total
-------------------------+-------+-------++-------
Melee: Dagger            |       |    17 ||    17
 Cast: Magic Dart        |    75 |   118 ||   193
       Dazzling Spray    |       |     1 ||     1
  Eat: Chunk             |     1 |     4 ||     5
Armor: Robe              |     2 |     8 ||    10
Dodge: Dodged            |     9 |    30 ||    39
